 Dungeon Crawl Stone Soup version 0.27-a0-1273-gec92ba881d (webtiles) character file.

Game seed: 9563194512330696870

37 mordus the Ducker (level 3, -4/17 HPs)
             Began as a Felid Monk on June 11, 2021.
             Slain by a hobgoblin
             ... wielding a +0 hand axe
             ... led by Robin
              (9 damage)
             ... on level 2 of the Dungeon.
             The game lasted 00:03:03 (2028 turns).

mordus the Ducker (Felid Monk)                      Turns: 2028, Time: 00:03:04

Health: -4/17      AC:  1    Str:  7    XL:     3   Next: 23%
Magic:  5/5        EV: 19    Int: 17    God:
Gold:   81         SH:  0    Dex: 19    Spells: 4/4 levels left
                                        Lives:  0   Deaths: 0

rFire    . . .     SeeInvis +     - Unarmed
rCold    . . .     Faith    .   (shield unavailable)
rNeg     . . .     Spirit   .   (armour unavailable)
rPois    .         Reflect  .   (helmet unavailable)
rElec    .         Harm     .   (cloak unavailable)
rCorr    .         Rampage  .   (gloves unavailable)
Will     .....                  (boots unavailable)
Stlth    +++.......             (no amulet)
HPRegen  0.05/turn              f - +6 ring of intelligence
MPRegen  0.09/turn              (no ring)

@: quick
A: very small, claws 1, fangs 3, see invisible, speed 1, shaggy fur 1, stealthy
paws, no weapons or thrown items, no armour, multi-lived
a: no special abilities


You were on level 2 of the Dungeon.
You visited 1 branch of the dungeon, and saw 2 of its levels.

You collected 81 gold pieces.

Inventory:

Jewellery
 f - a +6 ring of intelligence (left paw)
Scrolls
 b - 2 scrolls of teleportation {unknown}
 d - a scroll of identify {unknown}
 e - 2 scrolls of holy word {unknown}
 g - a scroll of noise {unknown}
Potions
 a - a potion of brilliance {unknown}
 c - 2 potions of curing {unknown}


   Skills:
 + Level 3.2 Fighting
 + Level 4.4 Dodging
 + Level 3.3 Stealth
 + Level 3.3 Unarmed Combat
 + Level 1.0 Spellcasting


You had 4 spell levels left.
You didn't know any spells.
Your spell library was empty.

Dungeon Overview and Level Annotations

Branches:
Dungeon (2/15)

Altars:

Annotations:
D:2 Robin


Innate Abilities, Weirdness & Mutations

You have sharp claws.
You have razor-sharp teeth.
You have supernaturally acute eyesight. (SInv)
You cover ground quickly. (Speed+)
You are covered in fur. (AC +1)
Your paws help you pounce on unaware monsters.
You are incapable of wielding weapons or throwing items.
You cannot wear armour.
You gain extra lives every three experience levels.


Message History

The hobgoblin barely misses you.
Robin roars a battlecry!
The hobgoblin shouts!
You hear a shout!
The goblin closely misses you. The hobgoblin closely misses you.
The goblin unwields a +0 club.
The goblin wields a +0 hunting sling.
The goblin shoots a stone.
The stone misses you. The goblin closely misses you.
An endoplasm comes into view.
The endoplasm quivers.
You scratch the goblin but do no damage.
Robin says, "Bow before me, strongest of all the hobgoblins!"
The goblin closely misses you.
You scratch the goblin.
You kill the goblin!
The goblin shoots a stone.
The stone misses you.
You scratch the hobgoblin.
The hobgoblin is almost dead.
Robin roars a battlecry!
The goblin shoots a stone.
The stone completely misses you. The hobgoblin closely misses you.
You hear a shout!
You scratch the hobgoblin.
You kill the hobgoblin!
Robin says, "A pitiful Cat like you will never find the ORB!"
Robin throws the goblin at you!
The goblin shoots a stone.
The stone misses you.
The stone hits the goblin.
The goblin dies!
Robin throws the goblin at you! The goblin hits you with a +0 club.
The endoplasm barely misses you.
The goblin unwields a +0 hunting sling.
The goblin wields a +0 club.
The goblin hits you with a +0 club.
* * * LOW HITPOINT WARNING * * *
The goblin no longer looks unusually strong.
The goblin barely misses you.
The hobgoblin no longer looks unusually strong.
The hobgoblin no longer looks unusually strong.
The goblin no longer looks unusually strong.
You closely miss the hobgoblin.
The hobgoblin hits you with a +0 hand axe!
Ouch! That really hurt!
You die...

....#......#..#. #..
#).#........#.###...
#..#....)...#....... #
#.g.........#........#
#...........#.....##.# .
#)#.........#...#.... <
#.#....####.#......########
#..g..g####......#.........
#.)..gg.gg@................
##.....g######...#.#.......
#.........# #.#.#.#.....##
#........##.#
#.#.#.......'. ##.##......
..#.#.#.......## #.
#.#.#.#.#.#.#.###.#'#.## #+
#+#.#...# #.#.......#.##
...#.... #.#####.###.#.
.... .. #...........#.


You could see Robin, 3 hobgoblins and 3 goblins.

Vanquished Creatures
  4 bats
  5 endoplasms
  2 giant cockroaches (D:1)
  5 goblins
  5 hobgoblins
  3 frilled lizards
  4 kobolds
  4 rats (D:1)
32 creatures vanquished.

Vanquished Creatures (others)
  A goblin (D:2)
1 creature vanquished.

Grand Total: 33 creatures vanquished

Notes
Turn   | Place    | Note
-------+----------+-------------------------------------------
     0 | D:1      | mordus the Felid Monk began the quest for the Orb.
     0 | D:1      | Reached XP level 1. HP: 10/10 MP: 2/2
   214 | D:1      | Reached XP level 2. HP: 14/14 MP: 3/3
  1517 | D:2      | Noticed Robin
  1868 | D:2      | Reached XP level 3. HP: 17/17 MP: 5/5
  2007 | D:2      | Reached skill level 1 in Spellcasting
  2028 | D:2      | Slain by a hobgoblin

Illustrated notes

Levels and vault maps discovered:
D:1:      shiori_shiawase, layout_loops_ring
D:2:      kennysheep_the_goblin_king, layout_basic,
          shapermc_ecumenical_altar_venn, chequers_serial_rivers_micro_b,
          hangedman_glass_teeth, uniq_robin

Skill      XL: |  1  2  3 |
---------------+----------+-----
Stealth        | 3 |  3.3
Spellcasting   | 1 |  1.0
Fighting       | |  3.2
Dodging        | |  4.4
Unarmed Combat | |  3.3

Action                   || total
-------------------------++-------
Melee: Unarmed           ||    76
       Bite              ||     3
       Punch             ||     1
 Stab: Sleeping          ||     9
       Distracted        ||     1
Armor: Skin              ||     7
Dodge: Dodged            ||    44

Table legend: (Time is in decaauts)
 A = Elapsed time spent in this place.
 B = Non-inter-level travel time spent in this place.
 C = Inter-level travel time spent in this place.
 D = Time resting spent in this place.
 E = Time spent auto-exploring this place.
 F = Levels seen in this place.
 G = Mean time per level.
                   A        B        C        D        E       F      G
               +--------+--------+--------+--------+--------+-----+--------+
         Total |   1830 |   1802 |     28 |    719 |    816 |   2 |  915.0 |
       Dungeon |   1830 |   1802 |     28 |    719 |    816 |   2 |  915.0 |
               +--------+--------+--------+--------+--------+-----+--------+

Top non-repeatable levels by time:
     D:1: 1166 daAuts
     D:2: 664 daAuts
